APL (24 & UNDER)
STATE COLLEGE SPIKES @ DUNEDIN BLUE JAYS
06/03/2025
 
TOP OF THE 1ST
State College Spikes batting - Pitching for Dunedin Blue Jays : RHP John Robinson
Pitching: RHP John Robinson
Batting: RHB Alonzo Herrera 0-0: SINGLE (Groundball, 4MD)
Batting: RHB Javier Peña 0-0: Fielders Choice at 2nd, 3-6 (Groundball, 34)
Batting: RHB Mike Ingram 0-0: Ball
1-0: Ball
2-0: Ball
3-0: Base on Balls
Javier Peña to second
Batting: RHB Tony Parker 0-0: Ball
Javier Peña is caught stealing 3rd base
Mike Ingram to second
1-0: Fly out, F4 (Popup, 34D)
Top of the 1st over - 0 run(s), 1 hit(s), 0 error(s), 1 left on base; State College 0 - Dunedin 0
BOTTOM OF THE 1ST
Dunedin Blue Jays batting - Pitching for State College Spikes : RHP Francisco Álvarez
Pitching: RHP Francisco Álvarez
Batting: RHB Harry Miller 0-0: Foul Ball, location: 2F
0-1: Ball
1-1: Ground out 4-3 (Groundball, 4M)
Batting: SHB Richard Griffin 0-0: Swinging Strike
0-1: Foul Ball, location: 2F
0-2: Ball
1-2: Ball
2-2: Foul Ball, location: 2F
2-2: Ball
3-2: Base on Balls
Batting: RHB Ricky White 0-0: Foul Ball, location: 2F
0-1: Foul Ball, location: 2F
0-2: Ball
1-2: Ball
2-2: Foul Ball, location: 2F
2-2: Strikes out looking
Batting: RHB Rafael Carreón 0-0: Called Strike
0-1: Ball
1-1: Ground out 6-3 (Groundball, 6)
Bottom of the 1st over - 0 run(s), 0 hit(s), 0 error(s), 1 left on base; State College 0 - Dunedin 0
TOP OF THE 2ND
State College Spikes batting - Pitching for Dunedin Blue Jays : RHP John Robinson
Batting: RHB Martín López 0-0: Ball
1-0: Ball
2-0: Hit by Pitch
Batting: RHB Andrew Deal 0-0: Ball
1-0: Ball
2-0: Ball
3-0: Fly out, F9 (Flyball, 89M)
Batting: RHB Piotr Zahn 0-0: Ball
1-0: Fly out, F9 (Flyball, 9LD)
Batting: SHB Clint Woods 0-0: Called Strike
0-1: Ball
Martín López steals 2nd base
1-1: Called Strike
1-2: Ball
2-2: Ground out 3-6 (Groundball, 3S)
Top of the 2nd over - 0 run(s), 0 hit(s), 0 error(s), 1 left on base; State College 0 - Dunedin 0
BOTTOM OF THE 2ND
Dunedin Blue Jays batting - Pitching for State College Spikes : RHP Francisco Álvarez
Batting: RHB Andrew O'Dell 0-0: Ball
1-0: Called Strike
1-1: Swinging Strike
1-2: Fly out, F7 (Flyball, 7M)
Batting: RHB António Aguilar 0-0: Ball
1-0: Ball
2-0: Foul Ball, location: 2F
2-1: Ball
3-1: Swinging Strike
3-2: Base on Balls
Batting: RHB Dan Alexander 0-0: Ball
1-0: Ball
2-0: Called Strike
2-1: Ball
3-1: Called Strike
3-2: Grounds into double play, 1-6-3 (Groundball, 13)
Bottom of the 2nd over - 0 run(s), 0 hit(s), 0 error(s), 0 left on base; State College 0 - Dunedin 0
TOP OF THE 3RD
State College Spikes batting - Pitching for Dunedin Blue Jays : RHP John Robinson
Batting: RHB Nick Mackin 0-0: Fly out, F9 (Flyball, 89S)
Batting: RHB Alonzo Herrera 0-0: Ball
1-0: Foul Ball, location: 2F
1-1: Foul Ball, location: 2F
1-2: Strikes out looking
Batting: RHB Javier Peña 0-0: Called Strike
0-1: Called Strike
0-2: Ball
1-2: Ground out 6-3 (Groundball, 6)
Top of the 3rd over - 0 run(s), 0 hit(s), 0 error(s), 0 left on base; State College 0 - Dunedin 0
BOTTOM OF THE 3RD
Dunedin Blue Jays batting - Pitching for State College Spikes : RHP Francisco Álvarez
Batting: RHB Albert Alemán 0-0: Ball
1-0: Ball
2-0: Foul Ball, location: 2F
2-1: Foul Ball, location: 2F
2-2: Ball
3-2: Ground out 6-3 (Groundball, 6)
Batting: RHB David Castillo 0-0: Ball
1-0: Foul Ball, location: 2F
1-1: Ball
2-1: DOUBLE (Line Drive, 6D)
Batting: RHB Harry Miller 0-0: Foul Ball, location: 2F
0-1: Fly out, F3 (Popup, 3F)
Batting: SHB Richard Griffin 0-0: Ball
1-0: Fly out, F6 (Popup, 6D)
Bottom of the 3rd over - 0 run(s), 1 hit(s), 0 error(s), 1 left on base; State College 0 - Dunedin 0
TOP OF THE 4TH
State College Spikes batting - Pitching for Dunedin Blue Jays : RHP John Robinson
Batting: RHB Mike Ingram 0-0: Swinging Strike
0-1: Ball
1-1: Called Strike
1-2: SINGLE (Groundball, 6MD)
Batting: RHB Tony Parker 0-0: Ball
1-0: Grounds into double play, 5-4-3 (Groundball, 5)
Batting: RHB Martín López 0-0: Called Strike
0-1: Ball
1-1: Ball
2-1: DOUBLE (Flyball, 89M)
Batting: RHB Andrew Deal 0-0: Called Strike
0-1: Foul Ball, location: 2F
0-2: Strikes out swinging
Top of the 4th over - 0 run(s), 2 hit(s), 0 error(s), 1 left on base; State College 0 - Dunedin 0
BOTTOM OF THE 4TH
Dunedin Blue Jays batting - Pitching for State College Spikes : RHP Francisco Álvarez
Batting: RHB Ricky White 0-0: Swinging Strike
0-1: Ball
1-1: Ball
2-1: Called Strike
2-2: Ground out 2-3 (Groundball, 2R)
Batting: RHB Rafael Carreón 0-0: Ball
1-0: Ball
2-0: Ball
3-0: Called Strike
3-1: Fly out, F1 (Line Drive, 13)
Batting: RHB Andrew O'Dell 0-0: Called Strike
0-1: Fly out, F9 (Flyball, 9M)
Bottom of the 4th over - 0 run(s), 0 hit(s), 0 error(s), 0 left on base; State College 0 - Dunedin 0
TOP OF THE 5TH
State College Spikes batting - Pitching for Dunedin Blue Jays : RHP John Robinson
Batting: RHB Piotr Zahn 0-0: Called Strike
0-1: Ball
1-1: Ground out 6-3 (Groundball, 6S)
Batting: SHB Clint Woods 0-0: Called Strike
0-1: Ball
1-1: SOLO HOME RUN (Flyball, 9D), Distance : 393 ft
Batting: RHB Nick Mackin 0-0: Foul Ball, location: 2F
0-1: Swinging Strike
0-2: Foul Ball, location: 2F
0-2: Strikes out swinging
Batting: RHB Alonzo Herrera 0-0: Ball
1-0: Ball
2-0: Ball
3-0: Base on Balls
Batting: RHB Javier Peña 0-0: Ball
Alonzo Herrera is caught stealing 2nd base
Top of the 5th over - 1 run(s), 1 hit(s), 0 error(s), 0 left on base; State College 1 - Dunedin 0
BOTTOM OF THE 5TH
Dunedin Blue Jays batting - Pitching for State College Spikes : RHP Francisco Álvarez
Batting: RHB António Aguilar 0-0: Ball
1-0: Fly out, F8 (Line Drive, 8LS)
Batting: RHB Dan Alexander 0-0: Swinging Strike
0-1: Ball
1-1: Foul Ball, location: 2F
1-2: Foul Ball, location: 2F
1-2: Strikes out swinging
Batting: RHB Albert Alemán 0-0: Ball
1-0: Foul Ball, location: 2F
1-1: DOUBLE (Flyball, 7LM)
Batting: RHB David Castillo 0-0: Swinging Strike
0-1: Ball
1-1: SINGLE (Groundball, 15S) (infield hit)
Albert Alemán to third
Batting: RHB Harry Miller 0-0: Called Strike
0-1: Ball
1-1: Foul Ball, location: 2F
1-2: Ball
2-2: SINGLE (Groundball, 56D)
Albert Alemán scores
David Castillo to second
Batting: SHB Richard Griffin 0-0: Ball
1-0: Called Strike
1-1: Ball
2-1: Foul Ball, location: 2F
2-2: Foul Ball, location: 2F
2-2: Fly out, F4 (Popup, 4D)
Bottom of the 5th over - 1 run(s), 3 hit(s), 0 error(s), 2 left on base; State College 1 - Dunedin 1
TOP OF THE 6TH
State College Spikes batting - Pitching for Dunedin Blue Jays : RHP John Robinson
Batting: RHB Javier Peña 0-0: Ground out U3 (Groundball, 3S)
Pitching: RHP Ralph Miller
Batting: RHB Mike Ingram 0-0: Ball
1-0: Called Strike
1-1: SOLO HOME RUN (Flyball, 89D), Distance : 400 ft
Batting: RHB Tony Parker 0-0: Ball
1-0: Ground out 6-3 (Groundball, 6)
Batting: RHB Martín López 0-0: Called Strike
0-1: Swinging Strike
0-2: Ball
1-2: SINGLE (Groundball, 6M) (infield hit)
Batting: RHB Andrew Deal 0-0: Ball
Martín López steals 2nd base
1-0: Ball
2-0: SINGLE (Groundball, 6MD) (infield hit)
Martín López to third
Batting: RHB Piotr Zahn 0-0: Ball
1-0: Fly out, F5 (Line Drive, 56S)
Top of the 6th over - 1 run(s), 3 hit(s), 0 error(s), 2 left on base; State College 2 - Dunedin 1
BOTTOM OF THE 6TH
Dunedin Blue Jays batting - Pitching for State College Spikes : RHP Francisco Álvarez
Pitching: LHP John Knight
Batting: RHB Ricky White 0-0: Called Strike
0-1: Called Strike
0-2: Foul Ball, location: 2F
0-2: Ball
1-2: Ball
2-2: Fly out, F9 (Popup, 4D)
Batting: RHB Rafael Carreón 0-0: Ball
1-0: Called Strike
1-1: Ball
2-1: Ball
3-1: Base on Balls
Batting: RHB Andrew O'Dell 0-0: Ball
1-0: Foul Ball, location: 2F
1-1: Swinging Strike
1-2: Ball
2-2: Fly out, F9 (Flyball, 89M)
Batting: RHB António Aguilar 0-0: Ball
1-0: Fly out, F5 (Popup, 25)
Bottom of the 6th over - 0 run(s), 0 hit(s), 0 error(s), 1 left on base; State College 2 - Dunedin 1
TOP OF THE 7TH
State College Spikes batting - Pitching for Dunedin Blue Jays : RHP Ralph Miller
Batting: SHB Clint Woods 0-0: Called Strike
0-1: Ground out 4-3 (Groundball, 34)
Batting: RHB Nick Mackin 0-0: Ground out 5-3 (Groundball, 5S)
Batting: RHB Alonzo Herrera 0-0: Ball
1-0: Foul Ball, location: 2F
1-1: Fly out, F8 (Line Drive, 8RM)
Top of the 7th over - 0 run(s), 0 hit(s), 0 error(s), 0 left on base; State College 2 - Dunedin 1
BOTTOM OF THE 7TH
Dunedin Blue Jays batting - Pitching for State College Spikes : LHP John Knight
Batting: RHB Dan Alexander 0-0: Ball
1-0: Called Strike
1-1: Ball
2-1: Called Strike
2-2: Fly out, F4 (Popup, 4MS)
Batting: RHB Albert Alemán 0-0: Called Strike
0-1: Called Strike
0-2: Foul Ball, location: 2F
0-2: Foul Ball, location: 2F
0-2: Ball
1-2: SINGLE (Line Drive, 6)
Pinch Hitting: RHB Si-xun Li 0-0: Called Strike
0-1: Ball
1-1: Ball
2-1: Called Strike
2-2: Foul Ball, location: 2F
2-2: Strikes out looking
Batting: RHB Harry Miller 0-0: Ball
1-0: Ball
2-0: Ball
3-0: Called Strike
3-1: Called Strike
3-2: Strikes out swinging
Bottom of the 7th over - 0 run(s), 1 hit(s), 0 error(s), 1 left on base; State College 2 - Dunedin 1
TOP OF THE 8TH
State College Spikes batting - Pitching for Dunedin Blue Jays : RHP Ralph Miller
Pitching: RHP Enrique Paredes
Now at 1B: Keith Ivey
Batting: RHB Javier Peña 0-0: Called Strike
0-1: Foul Ball, location: 2F
0-2: SINGLE (Groundball, 6D)
Batting: RHB Mike Ingram 0-0: Ball
1-0: Called Strike
1-1: Ball
2-1: Called Strike
2-2: Reached on error, E5 (Groundball, 56)
Javier Peña to second
Batting: RHB Tony Parker 0-0: Called Strike
0-1: Ball
1-1: Ball
2-1: Fly out, F8 (Flyball, 8RM)
Pinch Hitting: SHB Waylon Adams 0-0: Swinging Strike
0-1: Reached on error, E4 (Groundball, 34)
Javier Peña to third
Mike Ingram to second
Pinch Hitting: RHB Blair Whitehead 0-0: Called Strike
0-1: Ball
1-1: Called Strike
1-2: Ball
2-2: Strikes out swinging
Batting: RHB Piotr Zahn 0-0: Ground out 6-3 (Groundball, 56)
Top of the 8th over - 0 run(s), 1 hit(s), 2 error(s), 3 left on base; State College 2 - Dunedin 1
BOTTOM OF THE 8TH
Dunedin Blue Jays batting - Pitching for State College Spikes : LHP John Knight
Pitching: RHP Tomás Hurtado
Now at 1B: Waylon Adams
Now at 3B: Rafael Ortíz
Now in LF: Joaquín Vásquez
Batting: SHB Richard Griffin 0-0: SOLO HOME RUN (Flyball, 78XD), Distance : 429 ft
Pinch Hitting: LHB Francisco Medina 0-0: Called Strike
0-1: Swinging Strike
0-2: Ball
1-2: Ground out 4-3 (Groundball, 4)
Batting: RHB Rafael Carreón 0-0: Called Strike
0-1: Swinging Strike
0-2: SINGLE (Line Drive, 9LM)
Pinch Hitting: RHB Chris Miles 0-0: Fly out, F4 (Line Drive, 4)
Batting: RHB António Aguilar 0-0: Fly out, F7 (Flyball, 7M)
Bottom of the 8th over - 1 run(s), 2 hit(s), 0 error(s), 1 left on base; State College 2 - Dunedin 2
TOP OF THE 9TH
State College Spikes batting - Pitching for Dunedin Blue Jays : RHP Enrique Paredes
Pitching: RHP Jesús Ortíz
Now at 2B: Chris Miles
Now at SS: Francisco Medina
Batting: SHB Clint Woods 0-0: Ball
1-0: Foul Ball, location: 2F
1-1: Swinging Strike
1-2: SINGLE (Line Drive, 34D)
Batting: RHB Nick Mackin 0-0: Bunted foul
0-1: Sac Bunt - play at first, batter safe!
Clint Woods to second
Pinch Hitting: RHB Eric Knight 0-0: Foul Ball, location: 2F
0-1: Ball
1-1: Ball
2-1: Foul Ball, location: 2F
2-2: SINGLE (Groundball, 6MD)
Clint Woods to third
Nick Mackin to second
Batting: RHB Javier Peña 0-0: Called Strike
0-1: Swinging Strike
0-2: Ball
1-2: Ball
2-2: Strikes out looking
Batting: RHB Mike Ingram 0-0: Swinging Strike
0-1: Fly out, F7 (Flyball, 78S)
Batting: RHB Rafael Ortíz 0-0: Ball
1-0: Ground out 4-3 (Groundball, 34)
Top of the 9th over - 0 run(s), 3 hit(s), 0 error(s), 3 left on base; State College 2 - Dunedin 2
BOTTOM OF THE 9TH
Dunedin Blue Jays batting - Pitching for State College Spikes : RHP Tomás Hurtado
Pitching: RHP Bryan Glover
Now in CF: Aaron Murray
Pinch Hitting: LHB Milo Powers 0-0: Ball
1-0: Ball
2-0: Ball
3-0: Base on Balls
Batting: RHB Albert Alemán 0-0: Ball
1-0: Bunted foul
1-1: Bunted foul
1-2: Strikes out swinging
Batting: RHB Keith Ivey 0-0: Called Strike
0-1: Ball
1-1: Swinging Strike
1-2: Ball
2-2: Foul Ball, location: 2F
2-2: Strikes out looking
Batting: RHB Harry Miller 0-0: Called Strike
0-1: Fielders Choice at 2nd, 5-4 (Groundball, 56)
Bottom of the 9th over - 0 run(s), 0 hit(s), 0 error(s), 0 left on base; State College 2 - Dunedin 2
TOP OF THE 10TH
State College Spikes batting - Pitching for Dunedin Blue Jays : RHP Jesús Ortíz
Now in LF: Milo Powers
Batting: SHB Waylon Adams 0-0: Ball
1-0: Called Strike
1-1: SINGLE (Groundball, 6D)
Pinch Hitting: LHB Robin Jamieson 0-0: SINGLE (Line Drive, 34D)
Waylon Adams to second
Pinch Runner at 2nd Luis Montoya:
Batting: RHB Piotr Zahn 0-0: Ball
1-0: Ball
2-0: Grounds into double play, 5-4-3 (Groundball, 5)
Luis Montoya to third
Pitching: RHP Bill Hines
Batting: SHB Clint Woods 0-0: Swinging Strike
0-1: Called Strike
0-2: Ground out U3 (Groundball, 3S)
Top of the 10th over - 0 run(s), 2 hit(s), 0 error(s), 1 left on base; State College 2 - Dunedin 2
BOTTOM OF THE 10TH
Dunedin Blue Jays batting - Pitching for State College Spikes : RHP Bryan Glover
Now at 1B: Marino Landino
Now in CF: Luis Montoya
Batting: SHB Richard Griffin 0-0: SINGLE (Groundball, 6MD) (infield hit)
Batting: LHB Francisco Medina 0-0: Called Strike
0-1: Ball
1-1: Ball
2-1: DOUBLE (Line Drive, 8LXD)
Richard Griffin to third
Batting: RHB Rafael Carreón 0-0: Foul Ball, location: 2F
0-1: Foul Ball, location: 2F
0-2: Strikes out swinging
Batting: RHB Chris Miles 0-0: Intentional Walk
Batting: RHB António Aguilar 0-0: Fly out, F9 (Popup, 4D)
Batting: LHB Milo Powers 0-0: Ball
1-0: Ball
2-0: Called Strike
2-1: Fly out, F5 (Line Drive, 5L)
Bottom of the 10th over - 0 run(s), 2 hit(s), 0 error(s), 3 left on base; State College 2 - Dunedin 2
TOP OF THE 11TH
State College Spikes batting - Pitching for Dunedin Blue Jays : RHP Bill Hines
Batting: RHB Nick Mackin 0-0: Called Strike
0-1: Ball
1-1: Ball
2-1: Foul Ball, location: 2F
2-2: SINGLE (Groundball, 5D)
Batting: RHB Aaron Murray 0-0: Ball
1-0: Bunted foul
1-1: Bunt missed!
1-2: Strikes out looking
Batting: RHB Javier Peña 0-0: Ball
1-0: Foul Ball, location: 2F
1-1: Fly out, F9 (Flyball, 89M)
Batting: RHB Mike Ingram 0-0: Called Strike
Nick Mackin steals 2nd base
0-1: Foul Ball, location: 2F
0-2: Strikes out looking
Top of the 11th over - 0 run(s), 1 hit(s), 0 error(s), 1 left on base; State College 2 - Dunedin 2
BOTTOM OF THE 11TH
Dunedin Blue Jays batting - Pitching for State College Spikes : RHP Bryan Glover
Pitching: RHP David Robbins
Batting: RHB Albert Alemán 0-0: Ball
1-0: Ball
2-0: Ball
3-0: Base on Balls
Batting: RHB Keith Ivey 0-0: Called Strike
0-1: Ball
1-1: Foul Ball, location: 2F
1-2: SINGLE (Line Drive, 4MD)
Albert Alemán to second
Batting: RHB Harry Miller 0-0: Ball
1-0: Ball
2-0: Bunt - Flyout! F2
Batting: SHB Richard Griffin 0-0: Swinging Strike
0-1: Called Strike
0-2: Ball
1-2: Foul Ball, location: 2F
1-2: Ball
2-2: Ball
3-2: Base on Balls
Albert Alemán to third
Keith Ivey to second
Batting: LHB Francisco Medina 0-0: Ball
1-0: SINGLE (Groundball, 34D) (infield hit)
Albert Alemán scores
This league is powered by Out of the Park Baseball, the baseball management simulation game for PC, Mac and Linux
Tuesday, August 2nd, 2016 - OOTP Baseball 16.8 Build 38